 Dungeon Crawl Stone Soup version 0.31.0-11-ge490571c62 (webtiles) character file.

Game seed: 13804371478893413744

14 Arcadio the Sneak (level 2, -1/27 HPs)
             Began as a Draconian Delver on Jan 30, 2024.
             Slain by a phantom (4 damage)
             ... on level 3 of the Dungeon.
             The game lasted 00:01:33 (457 turns).

Arcadio the Sneak (Draconian Delver)                 Turns: 457, Time: 00:01:33

Health: -1/27      AC:  4    Str: 14    XL:     2   Next: 31%
Magic:  2/2        EV: 12    Int: 10    God:
Gold:   28         SH:  0    Dex: 12    Spells: 1/1 levels left

rFire   . . .        a - +0 short sword
rCold   . . .        (no shield)
rNeg    . . .        (body armour unavailable)
rPois   .            (helmet restricted)
rElec   .            (no cloak)
rCorr   .            (no gloves)
SInv    .            (no boots)
Will    .....        (no amulet)
Stlth   +++          (no ring)
HPRegen 0.24/turn    (no ring)
MPRegen 0.08/turn

%: no passive effects
@: no status effects
A: AC +4, unfitting armour, cold-blooded
a: no special abilities


You were on level 3 of the Dungeon.
You visited 1 branch of the dungeon, and saw 3 of its levels.

You collected 28 gold pieces.

Inventory:

Hand Weapons
 a - a +0 short sword (weapon)
Wands
 f - a wand of digging (3)
Scrolls
 b - a scroll of fog
 c - a scroll of revelation
 d - a scroll of fear
 g - a scroll of teleportation {unknown}
 i - a scroll of identify {unknown}
 j - a scroll of vulnerability {unknown}
Potions
 e - a potion of haste
 h - a potion of berserk rage {unknown}


   Skills:
 + Level 3.7 Fighting
 - Level 2.0 Short Blades
 + Level 2.3 Dodging
 - Level 4.5 Stealth


You had one spell level left.
You didn't know any spells.
Your spell library was empty.

Dungeon Overview and Level Annotations

Branches:
Dungeon (5/15)
 Temple: D:4-7

Altars:


Innate Abilities, Weirdness & Mutations

Your plain brown scales are hard. (AC +4)
You cannot fit into any form of body armour.
You are cold-blooded and may be slowed by cold attacks.


Message History

You punch the hobgoblin, but do no damage.
The phantom closely misses you. The hobgoblin closely misses you.
You hit the hobgoblin.
The hobgoblin is severely wounded.
The hobgoblin hits you. The phantom closely misses you.
You completely miss the hobgoblin.
You tail-slap the hobgoblin, but do no damage.
The hobgoblin is severely wounded.
The hobgoblin barely misses you. The phantom barely misses you.
You hit the hobgoblin.
You kill the hobgoblin!
The phantom hits you.
The phantom blinks!
You blink.
The phantom hits you but does no damage.
The kobold throws a stone.
The stone closely misses you.
You open the door.
An ogre comes into view. It is wielding a +0 giant spiked club.
The ogre shouts!
The ogre closely misses you. The phantom attacks as it pursues you!
The phantom hits you.
The phantom blinks!
You blink.
The kobold barely misses you. The phantom attacks as it pursues you!
The phantom barely misses you. The kobold misses you.
The phantom attacks as it pursues you! The phantom closely misses you.
The kobold attacks as it pursues you! The kobold barely misses you.
The kobold throws a stone.
The stone closely misses you. The phantom attacks as it pursues you!
The phantom hits you but does no damage.
You see here a hobgoblin corpse.
There is a stone staircase leading up here.
The phantom hits you.
You climb upwards.
There is a stone staircase leading down here.
The phantom attacks as it pursues you! The phantom hits you!
You hit the phantom.
The phantom is lightly damaged.
The phantom hits you.
* * * LOW HITPOINT WARNING * * *
The phantom blinks!
You blink.
The phantom attacks as it pursues you! The phantom hits you.
You die...

## .# .# #
.# ..###.
.#
......###.#
#..(@W.#
#.##...+
#..ยงยง###
###>.# #.##
#.# #.# ..#
###


You could see a phantom.

Vanquished Creatures
  An adder (D:4)
  A ribbon worm (D:4)
  A hobgoblin (D:4)
  A kobold (D:4)
4 creatures vanquished.

Notes
Turn   | Place    | Note
-------+----------+-------------------------------------------
     0 | D:5      | Arcadio the Draconian Delver began the quest for the Orb.
     0 | D:5      | Reached XP level 1. HP: 19/19 MP: 1/1
    58 | D:5      | Noticed an iguana
   123 | D:4      | Noticed a bombardier beetle
   210 | D:4      | Reached XP level 2. HP: 23/27 MP: 2/2
   265 | D:4      | Noticed an orc warrior
   352 | D:4      | Noticed a phantom
   441 | D:4      | Noticed an ogre
   457 | D:3      | Slain by a phantom

Illustrated notes

Levels and vault maps discovered:
D:3:      layout_basic, yredelemnul_altar_generic, serial_shops, shop,
          minivault_27
D:4:      minmay_octagon_keep, layout_basic, nrook_mini_vaults,
          nicolae_hexahallways, hangedman_feature_mirror, uniq_natasha
D:5:      layout_cave_pods, minivault_24, minivault_11

Skill      XL: |  1 |
---------------+----+-----
Dodging        | 2 |  2.3
Fighting       | |  3.7
Short Blades   | |  2.0
Stealth        | |  4.5

Action                     || total
---------------------------++-------
  Melee: Short sword       ||    22
         Tailslap          ||     5
         Punch             ||     3
   Stab: Sleeping          ||     2
 Armour: Skin              ||    18
  Dodge: Dodged            ||    24
